 Seeded DCSS version 0.29-a0-664-gff9cad4a3d (webtiles) character file.

Game seed: 12781424815227474791 (custom seed)

818 zeratav the Tainter (level 7, -3/54 (67) HPs)
             Began as an Ogre Venom Mage on June 22, 2022.
             Slain by a necrophage (4 damage)
             ... on level 4 of the Dungeon.
             The game lasted 00:07:41 (4871 turns).

zeratav the Tainter (Ogre Venom Mage)               Turns: 4871, Time: 00:07:41

HP:   -3/54 (67)    AC:  3    Str: 15    XL:     7   Next: 94%
MP:   9/10          EV:  9    Int: 16    God:
Gold: 131           SH:  0    Dex:  9    Spells: 5/10 levels left

rFire   . . .      SeeInvis .   s - +0 giant spiked club {mace}
rCold   . . .      Faith    .   (shield currently unavailable)
rNeg    . . .      Spirit   .   a - +0 robe
rPois   .          Reflect  .   (helmet restricted)
rElec   .          Harm     .   (no cloak)
rCorr   .          Rampage  .   (gloves unavailable)
Will    .....                   (boots unavailable)
Stlth   +.........              (no amulet)
HPRegen 0.18/turn               (no ring)
MPRegen 0.12/turn               (no ring)

@: heavily drained
A: large, unfitting armour, tough skin 1
a: no special abilities


You were on level 4 of the Dungeon.
You visited 1 branch of the dungeon, and saw 4 of its levels.

You collected 175 gold pieces.
You spent 44 gold pieces at shops.


Innate Abilities, Weirdness & Mutations

You are too large for most types of armour.
You have tough skin. (AC +1)


   Skills:
 + Level 3.4 Fighting
 - Level 1.7 Dodging
 - Level 1.4 Stealth
 - Level 2.4 Spellcasting
 - Level 0.8 Transmutations
 - Level 8.0 Poison Magic


You had 5 spell levels left.
You knew the following spells:

 Your Spells              Type           Power      Damage    Failure   Level
a - Sting                 Tmut/Pois      64%        1d6       3%          1
b - Olgreb's Toxic Radia  Pois           27%        N/A       8%          4

Your spell library contained the following spells:

 Spells                   Type           Power      Damage    Failure   Level
 Poisonous Vapours        Pois/Air       28%        N/A       6%          2
 Summon Small Mammal      Summ           4%         N/A       21%         1
 Mephitic Cloud           Conj/Pois/Air  10%        N/A       21%         3
 Call Canine Familiar     Summ           1%         N/A       52%         3
 Summon Guardian Golem    Hex/Summ       1%         N/A       52%         3

Inventory:

Hand Weapons
 e - a +2 short sword of venom {short}
   (You took it off a kobold on level 1 of the Dungeon)
 s - a +0 giant spiked club (weapon) {mace}
   (You took it off an ogre on level 4 of the Dungeon)
Armour
 a - a +0 robe (worn)
 f - a +1 robe of resistance
   (You took it off Sigmund on level 3 of the Dungeon)
Jewellery
 k - an amulet of faith {!P}
   (You found it on level 3 of the Dungeon)
 l - a ring of fire
   (You found it on level 3 of the Dungeon)
 q - a ring of resist corrosion
   (You found it on level 3 of the Dungeon)
Scrolls
 c - 8 scrolls of identify {@r1}
 g - a scroll of teleportation {unknown}
 h - a scroll of brand weapon {unknown}
 m - a scroll of noise {unknown}
 o - a scroll of enchant weapon {unknown}
 p - a scroll of vulnerability {unknown}
Potions
 b - a potion of magic
 d - 2 potions of curing {@q1}
 i - 2 potions of lignification {!q}
 j - 2 potions of attraction {unknown}
 n - a potion of degeneration {unknown}
 r - 2 potions of might

Dungeon Overview and Level Annotations

Branches:
Dungeon (4/15) Zot: 19097
 Temple: D:4-7

Altars:
Kikubaaqudgha
Yredelemnul
Zin

Shops:
D:4 ?

Annotations:
D:3 3 runed translucent doors, Phlounder's ghost, amateur DjMo

#....## ##.# #...###
#.# ####..# #..#
###...# #.#
##.###.####.....## #.#
#####.....##........##
#.#
...###..####.#.......##
#.#
...#..<...............#
#.#
.....#..###.#.........#
#.#
#####...#...#.........#
#.#
......#.#.###...@.....#
#.# #######...#
#...n.....# ### # #..##
##....†..## #..#
#.........# ####
#.........# #.).......#
#.........# #.........#
##.......##


You could see a necrophage.


Message History

You now have 131 gold pieces (gained 7).
A hobgoblin comes into view.
The hobgoblin shouts!
You completely miss the hobgoblin. The hobgoblin hits you.
HP[-2]
You take 2 damage, and now have 65/67 hp.
You hit the hobgoblin but do no damage.
The hobgoblin is poisoned.
The hobgoblin barely misses you.
You hit the hobgoblin.
The hobgoblin looks as sick as possible!
You kill the hobgoblin!
No target in view!
There is a stone staircase leading up here.
A giant cockroach comes into view.
HP[+2]
Your hp is fully restored (67).
A necrophage comes into view.
Your +2 short sword of venom {short} stops dripping with poison.
s - a +0 giant spiked club (weapon)
{mace}
Casting: Sting (safe; 3% risk of failure)
Confirm with . or Enter, or press ? or * to list all spells.
You begin to radiate toxic energy.
The giant cockroach is poisoned.
The giant cockroach looks even sicker.
MP[-4]
You lost 4 mp, and now have 6/10 mp.
You kill the giant cockroach!
Your toxic aura wanes.
You closely miss the necrophage. The necrophage hits you.
You feel drained. The necrophage hits you.
You feel drained.
HP[-11]
You now have 63 max hp (-4).
You take 11 damage, and now have 56/63 hp.
You hit the necrophage. The necrophage hits you.
HP[-6]
You take 6 damage, and now have 50/63 hp.
You closely miss the necrophage. The necrophage barely misses you.
The necrophage hits you.
You feel drained.
HP[-4] MP[+1]
You now have 62 max hp (-1).
You take 4 damage, and now have 46/62 hp.
You closely miss the necrophage.
The necrophage hits you but does no damage.
The necrophage hits you.
You feel drained.
HP[-3]
You now have 61 max hp (-1).
You take 3 damage, and now have 43/61 hp.
You closely miss the necrophage. The necrophage barely misses you.
The necrophage hits you but does no damage.
You barely miss the necrophage. The necrophage barely misses you.
The necrophage hits you.
HP[-3]
You take 3 damage, and now have 40/61 hp.
You closely miss the necrophage. The necrophage hits you!
You feel drained.
HP[-9] MP[+1]
You now have 60 max hp (-1).
You take 9 damage, and now have 31/60 hp.
You closely miss the necrophage. The necrophage closely misses you.
The necrophage hits you.
* * * LOW HITPOINT WARNING * * *
HP[-6]
You take 6 damage, and now have 25/60 hp.
You barely miss the necrophage. The necrophage hits you.
* * * LOW HITPOINT WARNING * * *
You feel drained.
* * * LOW HITPOINT WARNING * * *
The necrophage hits you.
* * * LOW HITPOINT WARNING * * *
HP[-10]
You now have 58 max hp (-2).
You take 10 damage, and now have 15/58 hp.
You closely miss the necrophage. The necrophage hits you.
* * * LOW HITPOINT WARNING * * *
You feel drained. The necrophage hits you.
* * * LOW HITPOINT WARNING * * *
HP[-4]
You now have 57 max hp (-1).
You take 4 damage, and now have 11/57 hp.
You closely miss the necrophage. The necrophage hits you.
* * * LOW HITPOINT WARNING * * *
You feel drained.
* * * LOW HITPOINT WARNING * * *
The necrophage barely misses you.
HP[-5]
You now have 55 max hp (-2).
You take 5 damage, and now have 6/55 hp.
You puncture the necrophage! The necrophage barely misses you.
HP[+1] MP[+1]
You hit the necrophage. The necrophage barely misses you.
The necrophage hits you but does no damage.
You closely miss the necrophage. The necrophage hits you.
* * * LOW HITPOINT WARNING * * *
The necrophage hits you.
* * * LOW HITPOINT WARNING * * *
You feel drained.
HP[-6]
You now have 54 max hp (-1).
You take 6 damage, and now have 1/54 hp.
You closely miss the necrophage. The necrophage closely misses you.
The necrophage hits you.
You die...

Skill      XL: |  1  2  3  4  5  6  7 |
---------------+----------------------+-----
Poison Magic   | 3 4 5 6 7 8 |  8.0
Fighting       | 3 |  3.4
Dodging        | |  1.7
Stealth        | |  1.4
Spellcasting   | |  2.4
Transmutations | |  0.8

Action                   |  1- 3 |  4- 6 |  7- 9 || total
-------------------------+-------+-------+-------++-------
Melee: Unarmed           |     1 |       |     6 ||     7
       Short sword       |    27 |    76 |    34 ||   137
       Punch             |       |     1 |       ||     1
       Giant spiked club |       |       |    15 ||    15
 Cast: Sting             |    18 |    10 |     1 ||    29
       Olgreb's Toxic Ra |       |       |    10 ||    10
  Use: Potion            |       |     2 |     1 ||     3
 Stab: Sleeping          |       |     4 |     1 ||     5
Armor: Robe              |    14 |    16 |    10 ||    40
       Skin              |       |       |     3 ||     3
Dodge: Dodged            |    20 |    32 |    25 ||    77

Levels and vault maps discovered:
D:1:      zaba_arrival_water, layout_loops_ring, ebering_ecumenical_altar_webs,
          item_on_display_a
D:2:      layout_basic, interstate_on_off, hangedman_abyss_or_decor_lesser_grid,
          minmay_domino_2
D:3:      layout_loops_ring, mainiacjoe_overflow_alcove_1,
          overflow_temple_1_default, lemuel_doored_altar, gammafunk_ghost_split,
          minmay_checkerbox, uniq_sigmund, uniq_grinder
D:4:      layout_rooms, serial_shops, shop

Notes
Turn   | Place    | Note
-------+----------+-------------------------------------------
     0 | D:1      | zeratav the Ogre Venom Mage began the quest for the Orb.
     0 | D:1      | Reached XP level 1. HP: 16/16 MP: 3/3
     0 | D:1      | magus.rc [v1.9.6]
   213 | D:1      | You fall into a shaft and drop 1 floor!
   225 | D:2      | Reached skill level 3 in Poison Magic
   249 | D:2      | You pick up a book of Callings and begin reading...
   249 | D:2      | You add the spells Summon Small Mammal, Call Canine
                  | Familiar and Summon Guardian Golem to your library.
   329 | D:1      | Found a faded altar of an unknown god.
   337 | D:1      | Reached XP level 2. HP: 24/24 MP: 0/5
  1299 | D:2      | Reached XP level 3. HP: 30/31 MP: 6/6
  1522 | D:2      | Noticed a scorpion
  1529 | D:2      | HP: 7/31 [poisoned by a scorpion]
  1529 | D:2      | Killed a scorpion
  1530 | D:2      | Reached skill level 4 in Poison Magic
  1530 | D:2      | Reached XP level 4. HP: 9/39 MP: 4/7
  2511 | D:3      | Reached skill level 5 in Poison Magic
  2524 | D:3      | Reached XP level 5. HP: 44/45 MP: 8/8
  2611 | D:3      | HP: 11/45 [poisoned by an adder]
  2910 | D:3      | Found a glowing silver altar of Zin.
  2919 | D:3      | Found a runed translucent gate.
  2920 | D:3      | Found a runed translucent gate.
  2921 | D:3      | Found a runed translucent gate.
  2927 | D:3      | Noticed Phlounder's ghost (amateur DjMo)
  3010 | D:3      | Found a basalt altar of Yredelemnul.
  3060 | D:3      | Found an ancient bone altar of Kikubaaqudgha.
  3153 | D:3      | Noticed Grinder
  3176 | D:3      | Killed Grinder
  3177 | D:3      | Reached skill level 6 in Poison Magic
  3177 | D:3      | Reached XP level 6. HP: 25/53 MP: 4/9
  3363 | D:3      | Noticed Sigmund
  3375 | D:3      | Killed Sigmund
  3376 | D:3      | Reached skill level 7 in Poison Magic
  3376 | D:3      | Reached XP level 7. HP: 27/59 MP: 6/10
  3640 | D:4      | Learned a level 4 spell: Olgreb's Toxic Radiance
  4205 | D:4      | Reached skill level 8 in Poison Magic
  4224 | D:4      | Reached skill level 1 in Fighting
  4473 | D:4      | Found Junuge's Magic Scroll Emporium.
  4481 | D:4      | Bought a scroll of identify for 22 gold pieces
  4481 | D:4      | Bought a scroll of identify for 22 gold pieces
  4659 | D:4      | Reached skill level 3 in Fighting
  4866 | D:4      | HP: 12/58 [necrophage (3)]
  4870 | D:4      | HP: 3/55 [necrophage (4)]
  4870 | D:4      | HP: 1/55 [necrophage (2)]
  4871 | D:4      | Slain by a necrophage

Vanquished Creatures
  Grinder (D:3)
  Sigmund (D:3)
  An ogre (D:4)
  A phantom (D:4)
  2 scorpions
  8 gnolls
  7 adders
  5 dart slugs
  4 ball pythons
  2 endoplasms (D:3)
  4 giant cockroaches
  3 hobgoblins
  2 jackals (D:2)
  5 kobolds
  4 quokkas
  2 bats (D:2)
  A frilled lizard (D:2)
  6 goblins
  6 rats
65 creatures vanquished.

Table legend:
 A = Non-vault XP
 B = Vault XP
 C = Vault XP percentage of total XP
 D = Non-vault monster count
 E = Vault monster count
 F = Vault count percentage of total count
                 A         B        C        D         E       F
            +---------+---------+-------+---------+---------+-------
      Total |     666 |     503 |  43.0 |      58 |       7 |  10.8
            +---------+---------+-------+---------+---------+-------
        D:1 |      11 |       0 |   0.0 |       7 |       0 |   0.0
        D:2 |     115 |       1 |   0.9 |      15 |       1 |   6.2
        D:3 |     151 |     502 |  76.9 |      21 |       6 |  22.2
        D:4 |     389 |       0 |   0.0 |      15 |       0 |   0.0
            +---------+---------+-------+---------+---------+-------

Illustrated notes

Table legend:
 A = Kills in this place as a percentage of kills in entire the game.
 B = Kills by you in this place as a percentage of kills by you in the entire game.
 C = Kills by friends in this place as a percentage of kills by friends in the entire game.
 D = Other kills in this place as a percentage of other kills in the entire game.
 E = Experience gained in this place as a percentage of experience gained in the entire game.
 F = Experience gained in this place divided by the number of levels of this place that you have seen.
                   A       B       C       D       E      F
               +-------+-------+-------+-------+-------+----------------------
         Total | 100.0 | 100.0 |   N/A |   N/A | 100.0 | 292.2
       Dungeon | 100.0 | 100.0 |   N/A |   N/A | 100.0 | 292.2
               +-------+-------+-------+-------+-------+----------------------

Table legend: (Time is in decaauts)
 A = Elapsed time spent in this place.
 B = Non-inter-level travel time spent in this place.
 C = Inter-level travel time spent in this place.
 D = Time resting spent in this place.
 E = Time spent auto-exploring this place.
 F = Levels seen in this place.
 G = Mean time per level.
                   A        B        C        D        E       F      G
               +--------+--------+--------+--------+--------+-----+--------+
         Total |   4900 |   4753 |    147 |   1426 |   2476 |   4 | 1225.0 |
       Dungeon |   4900 |   4753 |    147 |   1426 |   2476 |   4 | 1225.0 |
               +--------+--------+--------+--------+--------+-----+--------+

Top non-repeatable levels by time:
     D:3: 1930 daAuts
     D:2: 1222 daAuts
     D:4: 921 daAuts
     D:1: 827 daAuts
